BSA
ST CHARLES SHEENS @ NASHVILLE G-STRINGS
03/03/2030
 
TOP OF THE 1ST
St Charles Sheens batting - Pitching for Nashville G-Strings : RHP Germán Pérez
Pitching: RHP Germán Pérez
Batting: LHB Randy Wiggins 0-0: Swinging Strike
0-1: Ground out 1-3 (Groundball, 13)
Batting: RHB Clint Younger 0-0: Ground out 6-3 (Groundball, 6)
Batting: RHB Miguel Palácios 0-0: Called Strike
0-1: Ball
1-1: Called Strike
1-2: Ground out 4-3 (Groundball, 4MS)
Top of the 1st over - 0 runs, 0 hits, 0 errors, 0 left on base; St Charles 0 - Nashville 0
BOTTOM OF THE 1ST
Nashville G-Strings batting - Pitching for St Charles Sheens : LHP Paul Adams
Pitching: LHP Paul Adams
Batting: LHB Ramón Morales 0-0: Called Strike
0-1: Ball
1-1: Ball
2-1: Foul Ball, location: 2F
2-2: Ball
3-2: Strikes out looking
Batting: RHB Wilfred Martin 0-0: Swinging Strike
0-1: Ball
1-1: Ground out 3-1 (Groundball, 34)
Batting: RHB John Denton 0-0: Ball
1-0: Called Strike
1-1: Ball
2-1: Foul Ball, location: 2F
2-2: Ground out 3-1 (Groundball, 34)
Bottom of the 1st over - 0 runs, 0 hits, 0 errors, 0 left on base; St Charles 0 - Nashville 0
TOP OF THE 2ND
St Charles Sheens batting - Pitching for Nashville G-Strings : RHP Germán Pérez
Batting: RHB Judson Backstrom 0-0: Ball
1-0: Fly out, F9 (Flyball, 89M)
Batting: RHB Sergio Pujols 0-0: Ground out U3 (Groundball, 3)
Batting: LHB Nick Gamble 0-0: Ground out 6-3 (Groundball, 6)
Top of the 2nd over - 0 runs, 0 hits, 0 errors, 0 left on base; St Charles 0 - Nashville 0
BOTTOM OF THE 2ND
Nashville G-Strings batting - Pitching for St Charles Sheens : LHP Paul Adams
Batting: SHB Jorge Flores 0-0: Ground out 4-3 (Groundball, 4S)
Batting: RHB Greg King 0-0: Ball
1-0: Fly out, F4 (Popup, 34S)
Batting: SHB Martín Medina 0-0: Ball
1-0: Ball
2-0: Called Strike
2-1: Called Strike
2-2: Strikes out swinging
Bottom of the 2nd over - 0 runs, 0 hits, 0 errors, 0 left on base; St Charles 0 - Nashville 0
TOP OF THE 3RD
St Charles Sheens batting - Pitching for Nashville G-Strings : RHP Germán Pérez
Batting: RHB Ryan Parrish 0-0: Foul Ball, location: 2F
0-1: Ball
1-1: Ball
2-1: Swinging Strike
2-2: Strikes out looking
Batting: RHB Salvador Medine 0-0: Ball
1-0: Foul Ball, location: 2F
1-1: Ball
2-1: Swinging Strike
2-2: Ball
3-2: Base on Balls
Batting: RHB Salvador Rodríguez 0-0: Ball
1-0: Fielders Choice at 2nd, 6-4 (Groundball, 6M)
Batting: LHB Randy Wiggins 0-0: Called Strike
0-1: Called Strike
Salvador Rodríguez steals 2nd base
0-2: Fly out, F4 (Popup, 4)
Top of the 3rd over - 0 runs, 0 hits, 0 errors, 1 left on base; St Charles 0 - Nashville 0
BOTTOM OF THE 3RD
Nashville G-Strings batting - Pitching for St Charles Sheens : LHP Paul Adams
Batting: LHB Miguel Rivería 0-0: Foul Ball, location: 2F
0-1: Ball
1-1: Called Strike
1-2: Strikes out looking
Batting: RHB Shawn Marshall 0-0: Ball
1-0: DOUBLE (Line Drive, 9LM)
Batting: SHB Ricardo Arévalo 0-0: DOUBLE (Line Drive, 8RXD)
Shawn Marshall scores
Batting: LHB Ramón Morales 0-0: Swinging Strike
0-1: Foul Ball, location: 2F
0-2: SINGLE (Line Drive, 89S)
Ricardo Arévalo to third
Batting: RHB Wilfred Martin 0-0: Called Strike
0-1: Ball
1-1: Foul Ball, location: 2F
1-2: Fly out, F9 (Flyball, 9LS)
Runner from 3rd tags up, SCORES, no throw
Batting: RHB John Denton 0-0: Ball
1-0: Ball
2-0: Called Strike
2-1: Ball
Ramón Morales steals 2nd base
3-1: Base on Balls
Batting: SHB Jorge Flores 0-0: Ball
1-0: Called Strike
1-1: Fly out, F7 (Flyball, 7S)
Bottom of the 3rd over - 2 runs, 3 hits, 0 errors, 2 left on base; St Charles 0 - Nashville 2
TOP OF THE 4TH
St Charles Sheens batting - Pitching for Nashville G-Strings : RHP Germán Pérez
Batting: RHB Clint Younger 0-0: Called Strike
0-1: Ball
1-1: Ball
2-1: Swinging Strike
2-2: Strikes out swinging
Batting: RHB Miguel Palácios 0-0: Ball
1-0: SINGLE (Groundball, 56D)
Batting: RHB Judson Backstrom 0-0: Ball
1-0: Foul Ball, location: 2F
1-1: Foul Ball, location: 2F
1-2: 2-RUN HOME RUN (Flyball, 7LD), Distance : 449 ft
Batting: RHB Sergio Pujols 0-0: Ball
1-0: Called Strike
1-1: Called Strike
1-2: Ball
2-2: Foul Ball, location: 2F
2-2: Ground out 3-1 (Groundball, 34S)
Batting: LHB Nick Gamble 0-0: Ball
1-0: SINGLE (Groundball, 6D)
Batting: RHB Ryan Parrish 0-0: Ball
1-0: Ground out 6-3 (Groundball, 6M)
Top of the 4th over - 2 runs, 3 hits, 0 errors, 1 left on base; St Charles 2 - Nashville 2
BOTTOM OF THE 4TH
Nashville G-Strings batting - Pitching for St Charles Sheens : LHP Paul Adams
Batting: RHB Greg King 0-0: Ball
1-0: Fly out, F9 (Flyball, 9LM)
Batting: SHB Martín Medina 0-0: Ball
1-0: Called Strike
1-1: Ground out 4-3 (Groundball, 4)
Batting: LHB Miguel Rivería 0-0: Ball
1-0: Foul Ball, location: 2F
1-1: SINGLE (Groundball, 4D)
Batting: RHB Shawn Marshall 0-0: Called Strike
0-1: Ball
1-1: Foul Ball, location: 2F
1-2: Ball
2-2: Fielders Choice at 2nd, 5-4 (Groundball, 56)
Bottom of the 4th over - 0 runs, 1 hit, 0 errors, 1 left on base; St Charles 2 - Nashville 2
TOP OF THE 5TH
St Charles Sheens batting - Pitching for Nashville G-Strings : RHP Germán Pérez
Pitching: RHP John Thompson
Batting: RHB Salvador Medine 0-0: Ball
1-0: Ball
2-0: Called Strike
2-1: Ground out 5-3 (Groundball, 56)
Batting: RHB Salvador Rodríguez 0-0: Ball
1-0: Hit by Pitch
Batting: LHB Randy Wiggins 0-0: Fly out, F7 (Flyball, 7S)
Batting: RHB Clint Younger 0-0: Ball
Salvador Rodríguez steals 2nd base
1-0: Foul Ball, location: 2F
1-1: Ball
2-1: Swinging Strike
2-2: Strikes out swinging
Top of the 5th over - 0 runs, 0 hits, 0 errors, 1 left on base; St Charles 2 - Nashville 2
BOTTOM OF THE 5TH
Nashville G-Strings batting - Pitching for St Charles Sheens : LHP Paul Adams
Pitching: RHP Francisco López
Batting: SHB Ricardo Arévalo 0-0: Called Strike
0-1: Ball
1-1: Ground out 4-3 (Groundball, 4)
Batting: LHB Ramón Morales 0-0: Foul Ball, location: 2F
0-1: Foul Ball, location: 2F
0-2: Foul Ball, location: 2F
0-2: Ball
1-2: Ball
2-2: Ball
3-2: Fly out, F9 (Flyball, 9LSF)
Batting: RHB Wilfred Martin 0-0: Fly out, F3 (Line Drive, 34)
Bottom of the 5th over - 0 runs, 0 hits, 0 errors, 0 left on base; St Charles 2 - Nashville 2
TOP OF THE 6TH
St Charles Sheens batting - Pitching for Nashville G-Strings : RHP John Thompson
Batting: RHB Miguel Palácios 0-0: Swinging Strike
0-1: Ball
1-1: Foul Ball, location: 2F
1-2: SINGLE (Line Drive, 4MD)
Batting: RHB Judson Backstrom 0-0: Ball
1-0: Ball
2-0: Foul Ball, location: 2F
2-1: Swinging Strike
2-2: SINGLE (Groundball, 4D)
Miguel Palácios to second
Runner from 2nd tries for 3rd, SAFE, no throw
Pinch Runner at 3rd Lúcio Alfaro:
Batting: RHB Sergio Pujols 0-0: Ground out 5-3 (Groundball, 56S)
Lúcio Alfaro scores
Judson Backstrom to second
Batting: LHB Nick Gamble 0-0: Ball
1-0: Called Strike
1-1: Ball
2-1: Ball
3-1: Called Strike
3-2: Ground out 6-3 (Groundball, 6M)
Judson Backstrom to third
Batting: RHB Ryan Parrish 0-0: Swinging Strike
0-1: Called Strike
0-2: Ball
1-2: Ball
2-2: Strikes out looking
Top of the 6th over - 1 run, 2 hits, 0 errors, 1 left on base; St Charles 3 - Nashville 2
BOTTOM OF THE 6TH
Nashville G-Strings batting - Pitching for St Charles Sheens : RHP Francisco López
Now at 2B: Lúcio Alfaro
Batting: RHB John Denton 0-0: Ball
1-0: SINGLE (Flyball, 78S)
Batting: SHB Jorge Flores 0-0: Fly out, F7 (Flyball, 78M)
Batting: RHB Greg King 0-0: Called Strike
0-1: Called Strike
0-2: DOUBLE (Line Drive, 78XD)
John Denton to third
Batting: SHB Martín Medina 0-0: Called Strike
0-1: Ball
1-1: Ball
2-1: Fly out, F5 (Popup, 5SF)
Batting: LHB Miguel Rivería 0-0: Ball
1-0: Ball
2-0: Ground out 6-3 (Groundball, 6)
Bottom of the 6th over - 0 runs, 2 hits, 0 errors, 2 left on base; St Charles 3 - Nashville 2
TOP OF THE 7TH
St Charles Sheens batting - Pitching for Nashville G-Strings : RHP John Thompson
Batting: RHB Salvador Medine 0-0: Ball
1-0: Called Strike
1-1: SINGLE (Groundball, 34D)
Pinch Hitting: RHB Ramón Molina 0-0: Foul Ball, location: 2F
0-1: Swinging Strike
0-2: Foul Ball, location: 2F
0-2: Ball
1-2: Ball
2-2: Foul Ball, location: 2F
2-2: Strikes out swinging
Pitching: LHP Santiago González
Pinch Hitting: SHB Henry Copeland 0-0: Ball
1-0: Called Strike
Salvador Medine steals 2nd base
1-1: Intentional Walk
Pitching: RHP Juan Contreras
Pinch Hitting: LHB Larry Howard 0-0: Ball
Henry Copeland is caught stealing 2nd base
1-0: Ball
2-0: Ball
3-0: Base on Balls
Batting: RHB Lúcio Alfaro 0-0: Ball
1-0: Ball
2-0: Foul Ball, location: 2F
2-1: SINGLE (Flyball, 89S)
Salvador Medine scores
Larry Howard to second
Runner from 2nd tries for 3rd, SAFE, no throw
Batting: RHB Judson Backstrom 0-0: Ball
1-0: Foul Ball, location: 2F
1-1: Fly out, F9 (Flyball, 89S)
Top of the 7th over - 1 run, 2 hits, 0 errors, 2 left on base; St Charles 4 - Nashville 2
BOTTOM OF THE 7TH
Nashville G-Strings batting - Pitching for St Charles Sheens : RHP Francisco López
Now at 1B: Henry Copeland
Now at SS: Clarence Harrison
Now in CF: Víctor Arredondo
Batting: RHB Shawn Marshall 0-0: Called Strike
0-1: Ball
1-1: DOUBLE (Groundball, 5L)
Batting: SHB Ricardo Arévalo 0-0: Called Strike
0-1: Ball
1-1: Ball
2-1: Swinging Strike
2-2: Ball
3-2: Foul Ball, location: 2F
3-2: Foul Ball, location: 2F
3-2: Foul Ball, location: 2F
3-2: Foul Ball, location: 2F
3-2: Base on Balls
Pinch Hitting: RHB Sergio Márquez 0-0: Ball
1-0: Called Strike
1-1: DOUBLE (Line Drive, 7LM)
Shawn Marshall scores
Ricardo Arévalo to third
Runner from 3rd tries for Home, SAFE, no throw
Pitching: RHP Von Hicks
Batting: RHB Wilfred Martin 0-0: Ball
1-0: Swinging Strike
1-1: Foul Ball, location: 2F
1-2: Strikes out looking
Batting: RHB Eric Thompson 0-0: Intentional Walk
Pinch Hitting: LHB Robinson Fernández 0-0: Called Strike
0-1: Ball
1-1: Called Strike
1-2: Strikes out swinging
Pinch Hitting: SHB Rob Grun 0-0: Ball
1-0: Called Strike
1-1: Called Strike
1-2: Ball
2-2: Ball
3-2: Strikes out swinging
Bottom of the 7th over - 2 runs, 2 hits, 0 errors, 2 left on base; St Charles 4 - Nashville 4
TOP OF THE 8TH
St Charles Sheens batting - Pitching for Nashville G-Strings : RHP Juan Contreras
Now at 1B: Robinson Fernández
Now at 3B: Sergio Márquez
Now in LF: Rob Grun
Pinch Hitting: RHB Walton Smith 0-0: Ball
1-0: Ball
2-0: Swinging Strike
2-1: Foul Ball, location: 2F
2-2: Ball
3-2: Base on Balls
Pinch Runner at 1st Jesús Hernández:
Pinch Hitting: RHB Shawn Gutiérrez 0-0: Ball
1-0: Foul Ball, location: 2F
1-1: Ball
2-1: Fly out, F9 (Flyball, 9S)
Batting: RHB Ryan Parrish 0-0: Ball
Jesús Hernández steals 2nd base
1-0: Ball
2-0: Fly out, F5 (Line Drive, 56)
Batting: LHB Benny Richard 0-0: Swinging Strike
0-1: Foul Ball, location: 2F
0-2: SINGLE (Groundball, 6MD)
Jesús Hernández to third
Runner from 3rd tries for Home, SAFE, no throw
Batting: RHB Víctor Arredondo 0-0: Ball
1-0: Called Strike
1-1: SINGLE (Groundball, 3D)
Benny Richard to second
Runner from 2nd tries for 3rd, SAFE, no throw
Batting: SHB Henry Copeland 0-0: Ball
1-0: Ball
2-0: Called Strike
2-1: Swinging Strike
2-2: Foul Ball, location: 2F
2-2: SINGLE (Groundball, 6D)
Benny Richard scores
Víctor Arredondo to second
Pitching: RHP Johnathan Phillips
Pinch Hitting: LHB Juan Jose Rojas 0-0: Ball
1-0: Foul Ball, location: 2F
1-1: Foul Ball, location: 2F
1-2: Ball
2-2: Ball
3-2: Foul Ball, location: 2F
3-2: Foul Ball, location: 2F
3-2: Strikes out swinging
Top of the 8th over - 2 runs, 3 hits, 0 errors, 2 left on base; St Charles 6 - Nashville 4
BOTTOM OF THE 8TH
Nashville G-Strings batting - Pitching for St Charles Sheens : RHP Von Hicks
Now at 3B: Glen MacDonald
Now at SS: Rob Brady
Now in RF: Jesús Hernández
Pinch Hitting: LHB George Smith 0-0: Ball
1-0: Foul Ball, location: 2F
1-1: Fly out, F4 (Flyball, 34D)
Pinch Hitting: LHB Mike Callahan 0-0: Called Strike
0-1: SINGLE (Line Drive, 8RS)
Pinch Hitting: RHB Jesús Cabrera 0-0: Ball
1-0: Swinging Strike
1-1: Swinging Strike
1-2: Ball
2-2: SINGLE (Groundball, 56D)
Mike Callahan to second
Pinch Hitting: RHB Vicente Aguirre 0-0: Ball
1-0: Ball
2-0: Foul Ball, location: 2F
2-1: Ball
3-1: Base on Balls
Mike Callahan to third
Jesús Cabrera to second
Batting: RHB Sergio Márquez 0-0: Called Strike
0-1: Grounds into fielders choice 5-2 (Groundball, 5S)
Jesús Cabrera to third
Vicente Aguirre to second
Batting: RHB Wilfred Martin 0-0: Called Strike
0-1: Ball
1-1: Ball
2-1: Swinging Strike
2-2: Ball
3-2: Ground out 5-3 (Groundball, 56)
Bottom of the 8th over - 0 runs, 2 hits, 0 errors, 3 left on base; St Charles 6 - Nashville 4
TOP OF THE 9TH
St Charles Sheens batting - Pitching for Nashville G-Strings : RHP Johnathan Phillips
Now at 2B: Jesús Cabrera
Now at SS: Juan Costello
Now in CF: Jesús Núñez
Now in RF: George Smith
Batting: RHB Lúcio Alfaro 0-0: Ball
1-0: Called Strike
1-1: Called Strike
1-2: Foul Ball, location: 2F
1-2: Strikes out swinging
Batting: RHB Judson Backstrom 0-0: Ball
1-0: Foul Ball, location: 2F
1-1: Foul Ball, location: 2F
1-2: Strikes out swinging
Batting: RHB Jesús Hernández 0-0: Swinging Strike
0-1: Ball
1-1: Called Strike
1-2: SINGLE (Groundball, 6M) (infield hit)
Batting: RHB Rob Brady 0-0: Ball
Jesús Hernández steals 2nd base
1-0: Ball
2-0: Called Strike
2-1: Ball
3-1: Fly out, F7 (Flyball, 78D)
Top of the 9th over - 0 runs, 1 hit, 0 errors, 1 left on base; St Charles 6 - Nashville 4
BOTTOM OF THE 9TH
Nashville G-Strings batting - Pitching for St Charles Sheens : RHP Von Hicks
Pitching: RHP Ricardo Montero
Batting: RHB Eric Thompson 0-0: Ball
1-0: Ground out U3 (Groundball, 3)
Batting: LHB Robinson Fernández 0-0: Ball
1-0: Called Strike
1-1: Ball
2-1: Ground out 5-3 (Groundball, 56S)
Batting: SHB Rob Grun 0-0: Ball
1-0: Foul Ball, location: 2F
1-1: Ball
2-1: Ball
3-1: Foul Ball, location: 2F
3-2: Foul Ball, location: 2F
3-2: Fly out, F8 (Flyball, 89D)
Bottom of the 9th over - 0 runs, 0 hits, 0 errors, 0 left on base; St Charles 6 - Nashville 4
Saturday, April 7th, 2018 - OOTP Baseball 18.8 Build 76